Map: [ESL] Hard Lead

Players

Cham - Winner!

  • Race: Zerg Zerg
  • League: Master
  • Spawn Location: 11:00

trigger

  • Race: Protoss Protoss
  • League: Grandmaster
  • Spawn Location: 5:00

Event: IEM Katowice 2024

VOD

Have the link to the VOD?

Description

Time

  • Played on: Dec. 10, 2023, 9:35 p.m.
  • Length: 11:05

All games in this series

Show
View Real Time Build Order
Export as new Build Order

Cham Zerg - Winner!

Build Orders: Hatch First, Swarm Host 

Get SALT Encoding   

  12  0:00  Drone  
  13  0:12  Overlord  
  13  0:17  Drone  
  14  0:31  Drone x2  
  16  0:48  Hatchery  
  15  0:51  Drone  
  15  0:54  Drone  
  17  0:58  Drone  
  18  1:13  Spawning Pool  
  18  1:14  Extractor  
  18  1:17  Drone  
  17  1:20  Drone  
  18  1:28  Drone  
  19  1:38  Drone  
  20  1:53  Overlord  
  20  1:59  Queen  
  20  2:00  Zergling x2, Queen  
  20  2:01  Zergling x2  
  26  2:11  Drone x2  
  28  2:22  Metabolic Boost  
  28  2:27  Drone  
  29  2:33  Hatchery  
  29  2:36  Drone  
  29  2:43  Queen  
  31  2:49  Drone  
  31  2:50  Overlord  
  32  2:56  Drone  
  33  2:59  Queen  
  34  3:09  Drone  
  34  3:10  Drone  
  34  3:11  Drone x2  
  38  3:15  Drone  
  38  3:16  Zergling x4  
  38  3:19  Overlord  
  40  3:22  Drone  
  41  3:28  Queen  
  41  3:34  Overlord  
  43  3:37  Queen  
  45  3:42  Drone x2  
  45  3:43  Drone  
  45  3:44  Drone  
  45  3:46  Drone  
  50  3:52  Spore Crawler  
  50  3:53  Spore Crawler  
  48  3:56  Drone x3  
  48  4:02  Drone x3  
  54  4:10  Evolution Chamber  
  54  4:11  Drone x3  
  54  4:14  Spore Crawler  
  56  4:25  Drone  
  56  4:26  Drone x7  
  56  4:28  Drone  
  64  4:36  Drone  
  65  4:38  Drone, Roach Warren  
  65  4:43  Overlord  
  65  4:47  Overlord  
  65  4:52  Lair  
  65  4:53  Overlord  
  65  4:55  Extractor  
  65  4:56  Extractor  
  65  4:57  Overlord  
  65  4:58  Extractor  
  65  4:59  Overlord  
  62  5:00  Overlord  
  62  5:09  Overlord  
  62  5:10  Drone  
  62  5:12  Drone x2  
  62  5:13  Drone x6  
  70  5:18  Extractor, Overlord  
  70  5:19  Extractor  
  70  5:20  Roach  
  70  5:22  Roach x2  
  70  5:24  Drone  
  75  5:31  Drone  
  75  5:33  Drone x2  
  75  5:35  Roach  
  80  5:36  Overlord  
  80  5:40  Drone  
  80  5:46  Drone  
  80  5:47  Drone x2  
  80  5:48  Drone  
  80  5:49  Drone x5  
  87  5:52  Infestation Pit  
  87  5:57  Drone x3  
  86  5:59  Overlord  
  86  6:03  Overlord  
  88  6:09  Evolution Chamber  
  88  6:10  Roach x4  
  95  6:12  Overlord  
  95  6:14  Overlord  
  94  6:19  Drone  
  95  6:31  Swarm Host x4  
  107  6:34  Swarm Host  
  107  6:35  Hatchery  
  107  6:38  Swarm Host x2  
  112  6:48  Drone x3  
  112  6:52  Swarm Host x5  
  129  6:56  Roach  
  129  6:57  Overlord  
  129  7:00  Overlord  
  131  7:02  Overlord  
  131  7:04  Overlord  
  131  7:05  Roach  
  131  7:07  Zerg Missile Weapons Level 1  
  133  7:09  Glial Reconstitution  
  133  7:15  Overlord  
  133  7:16  Roach x2  
  133  7:22  Roach x3  
  145  7:23  Roach  
  145  7:31  Ravager x3  
  145  7:33  Zergling x18  
  145  7:35  Ravager  
  158  7:37  Zergling x6  
  159  7:46  Roach x3  
  159  7:47  Roach x2  
  159  7:49  Roach  
  167  7:54  Ravager x2  
  169  8:00  Zergling x2, Roach x2  
  169  8:01  Zergling x2  
  169  8:03  Zergling x6  
  169  8:04  Zergling x4  
  180  8:06  Zergling x6  
  180  8:12  Roach x5  
  193  8:20  Zergling x8  
  193  8:26  Hive  
  196  8:29  Roach x2  
  197  8:41  Roach x3  
  200  8:52  Hydralisk Den  
  200  8:53  Zergling x2  
  190  9:02  Roach  
  190  9:03  Roach x5  
  195  9:11  Roach x2  
  183  9:28  Roach  
  183  9:29  Roach x14  
  195  9:37  Roach x4  
  180  9:39  Roach x2  
  180  9:42  Zergling x4, Roach x2  
  180  9:43  Roach  
  180  9:44  Zergling x4, Roach x2  
  186  9:49  Zergling x2, Roach x2  
  189  9:54  Roach  
  189  9:56  Grooved Spines  
  191  10:05  Hydralisk x2  
  191  10:06  Hydralisk  
  194  10:07  Zergling x12  
  194  10:11  Zergling x4  
  194  10:12  Zergling x8  
  197  10:29  Zergling x4  
Show
View Real Time Build Order
Export as new Build Order

trigger Protoss 

Build Orders: 1 Gate Expand, Oracle Opening 

Get SALT Encoding   

  12  0:00  Probe  
  13  0:12  Probe  
  14  0:20  Pylon  
  14  0:24  Probe  
  15  0:38  Probe (Chrono Boost)  
  15  0:40  Gateway  
  16  0:47  Probe (Chrono Boost)  
  16  0:49  Assimilator  
  17  0:52  Probe  
  18  1:04  Probe  
  19  1:16  Probe  
  20  1:25  Nexus  
  20  1:36  Cybernetics Core  
  20  1:39  Probe  
  21  1:48  Assimilator  
  21  1:51  Probe  
  22  1:56  Pylon  
  22  2:03  Probe  
  23  2:11  Adept (Chrono Boost), Probe  
  26  2:20  Stargate, Probe  
  27  2:30  Warp Gate  
  27  2:31  Probe  
  28  2:37  Adept  
  28  2:39  Probe  
  28  2:43  Probe  
  32  2:51  Probe  
  32  2:55  Probe  
  34  3:03  Oracle (Chrono Boost)  
  34  3:04  Probe  
  38  3:08  Probe  
  38  3:09  Adept  
  41  3:16  Probe  
  42  3:20  Probe  
  42  3:23  Pylon  
  43  3:28  Probe  
  43  3:30  Gateway  
  43  3:32  Probe  
  45  3:39  Oracle (Chrono Boost)  
  45  3:40  Probe  
  46  3:45  Probe  
  46  3:46  Pylon  
  50  3:52  Probe (Chrono Boost)  
  51  3:58  Nexus  
  52  4:04  Assimilator  
  52  4:05  Probe (Chrono Boost)  
  52  4:07  Probe (Chrono Boost)  
  52  4:08  Oracle  
  56  4:13  Probe (Chrono Boost)  
  56  4:14  Probe (Chrono Boost)  
  55  4:24  Probe  
  55  4:25  Probe  
  55  4:28  Assimilator  
  55  4:29  Stalker  
  59  4:36  Twilight Council, Probe (Chrono Boost)  
  59  4:38  Probe (Chrono Boost), Forge  
  61  4:42  Shield Battery  
  61  4:46  Pylon  
  61  4:48  Probe (Chrono Boost)  
  62  5:02  Probe x2  
  63  5:13  Blink, Protoss Ground Weapons Level 1  
  63  5:15  Gateway, Probe (Chrono Boost)  
  63  5:17  Gateway  
  63  5:18  Probe (Chrono Boost)  
  63  5:20  Probe (Chrono Boost)  
  65  5:24  Probe (Chrono Boost)  
  65  5:27  Probe (Chrono Boost)  
  68  5:29  Probe (Chrono Boost)  
  68  5:30  Gateway  
  68  5:33  Probe (Chrono Boost)  
  69  5:37  Probe (Chrono Boost)  
  72  5:43  Probe x2 (Chrono Boost)  
  72  5:44  Probe (Chrono Boost)  
  73  5:51  Probe x2  
  73  5:52  Assimilator  
  73  5:53  Probe  
  73  5:55  Stalker x2  
  80  5:58  Gateway  
  80  6:02  Robotics Facility  
  80  6:03  Probe, Assimilator, Pylon  
  80  6:04  Probe  
  82  6:07  Shield Battery  
  82  6:11  Stalker  
  84  6:14  Pylon  
  84  6:16  Pylon  
  84  6:17  Probe  
  85  6:21  Probe  
  85  6:23  Photon Cannon  
  85  6:24  Pylon  
  85  6:25  Stalker x3  
  88  6:29  Probe  
  88  6:31  Pylon  
  88  6:32  Pylon, Probe  
  94  6:35  Shield Battery  
  94  6:37  Sentry  
  94  6:38  Sentry, Pylon  
  98  6:50  Gateway  
  98  6:51  Stalker x3  
  104  6:54  Shield Battery  
  104  6:57  Photon Cannon  
  104  7:00  Shield Battery  
  104  7:03  Shield Battery  
  104  7:06  Stalker x2  
  108  7:14  Gateway  
  108  7:17  Pylon  
  108  7:19  Protoss Ground Weapons Level 2 (Chrono Boost)  
  108  7:21  Stalker x3  
  114  7:29  Stalker x2  
  118  7:36  Photon Cannon  
  118  7:37  Pylon  
  118  7:38  Shield Battery  
  118  7:49  Stalker x3  
  124  8:06  Nexus  
  124  8:10  Charge  
  124  8:14  Pylon  
  124  8:19  Pylon  
  124  8:23  Templar Archives  
  124  8:28  Stalker x5  
  124  8:31  Stalker  
  136  8:53  Probe  
  121  9:17  Stalker x6  
  121  9:18  Stalker  
  121  9:19  Stalker  
  125  9:28  Probe  
  115  9:33  Nexus  
  115  9:35  Psionic Storm  
  103  9:40  Probe  
  104  9:49  Observer (Chrono Boost)  
  104  9:52  Zealot x2  
  109  9:56  High Templar x4  
  114  10:08  Zealot x2  
  109  10:17  Probe  
  109  10:20  High Templar  
  107  10:25  Zealot  
  110  10:29  Probe  
  106  10:35  Pylon  
  106  10:36  Zealot x6  
  98  10:50  Zealot  
  98  10:57  Archon  
  70  10:58  Zealot x4  
  70  10:59  Zealot x2  

Tags
 
Add a new tag
Caveats
  • Supply blocks, unpowered buildings, or Contaminate may cause inaccurate times.
  • Supply counts are checked every 10 seconds.